 Dungeon Crawl Stone Soup version 0.12.2-8-g1913ee5 (webtiles) character file.

533 Lorn the Ducker (level 6, -3/40 HPs)
             Began as a Sludge Elf Artificer on June 23, 2013.
             Slain by an iguana (10 damage)
             ... on Level 5 of the Dungeon on June 24, 2013.
             The game lasted 01:03:47 (4990 turns).

Lorn the Ducker (Sludge Elf Artificer)              Turns: 4990, Time: 01:03:47

HP  -3/40        AC  9     Str 13      XL: 6   Next: 75%
MP  11/11        EV 10     Int 13      God:
Gold 153         SH  0     Dex 15      Spells:  0 memorised,  5 levels left

Res.Fire  : + . .   See Invis. : .   a - +1,+0 dagger (curse)
Res.Cold  : x . .   Warding    : .   F - +0 orc ring mail (curse)
Life Prot.: . . .   Conserve   : .   (no shield)
Res.Poison: .       Res.Corr.  : .   (no helmet)
Res.Elec. : .       Clarity    : .   h - +1 cloak
Sust.Abil.: . .     Spirit.Shd : .   s - +0 pair of gauntlets (curse)
Res.Mut.  : .       Stasis     : .   D - +0 pair of boots
Res.Rott. : .       Ctrl.Telep.: .   (no amulet)
Saprovore : . . .   Flight     : .   (no ring)
                                     k - cursed ring of fire

@: slightly resistant to hostile enchantments, unstealthy
A: no striking features
a: no special abilities


You were on level 5 of the Dungeon.
You were hungry.

You visited 2 branches of the dungeon, and saw 6 of its levels.

You collected 133 gold pieces.

Inventory:

Hand weapons
 a - a cursed +1,+0 dagger (weapon)
 b - a +2,+2 crossbow
 e - a -1,+1 orcish dagger
 g - a -1,+1 orcish dagger (quivered)
 j - a +0,+0 dagger
 l - a +0,+1 dwarven short sword
 m - a +0,+0 short sword
 o - a +0,+0 elven short sword
 q - a +0,+0 dwarven dagger
 r - a +0,+0 short sword
 y - a +0,+0 orcish dagger
Missiles
 z - 17 bolts
Armour
 h - a +1 cloak (worn)
 s - a cursed +0 pair of gauntlets (worn)
 B - a +2 orcish leather armour of magic resistance
 D - a +0 pair of boots (worn)
 F - a cursed +0 orcish ring mail (worn)
 I - a +0 orcish scale mail
Magical devices
 c - a wand of enslavement (0)
 d - a wand of random effects (0)
 x - a wand of flame (0)
 G - a wand of slowing (0)
Comestibles
 f - 3 bread rations
 i - 10 sultanas
 p - a choko
 t - 2 meat rations
 C - 8 strawberries
Scrolls
 u - a scroll of fog
Jewellery
 k - a cursed ring of fire (left hand)
 n - an uncursed ring of ice
 v - an uncursed ring of fire
 w - an uncursed ring of protection from magic
Books
 A - a book of Power

   Spells                             Type                      Level
   Iskenderun's Mystic Blast          Conjuration                  4
   Venom Bolt                         Conjuration/Poison           5
   Bolt of Magma                      Conjuration/Fire/Earth       5
   Poisonous Cloud                    Conjuration/Poison/Air       6
   Iron Shot                          Conjuration/Earth            6
   Orb of Destruction                 Conjuration                  7


   Skills:
 + Level 2.0 Fighting
 + Level 2.4 Short Blades
 + Level 2.3 Armour
 + Level 4.8 Dodging
 + Level 1.5 Stealth
 + Level 1.0 Stabbing
 + Level 2.7 Traps
 + Level 3.8 Evocations


You had 5 spell levels left.
You didn't know any spells.

Dungeon Overview and Level Annotations

Branches:
Dungeon (5/27)             Temple (1/1) D:4

Altars:
Xom


Message History

The iguana is lightly wounded.
The iguana hisses menacingly.
The iguana bites you but does no damage.
You closely miss the iguana.
The iguana is lightly wounded.
The iguana bites you.
* * * LOW HITPOINT WARNING * * *
You hit the iguana but do no damage.
The iguana is lightly wounded.
The iguana bites you but does no damage.
You hit the iguana but do no damage.
The iguana is lightly wounded.
The iguana bites you but does no damage.
You hit the iguana but do no damage.
The iguana is lightly wounded.
The iguana closely misses you.
You barely miss the iguana.
The iguana is lightly wounded.
The iguana bites you!
You die...

#(..#..........
####.§###.<.......
#...§§§§§.........
##..§§§§§.........
##.#####...##....
##.## ##...# ...
####.## #...##...
#....# #........
####@## ##.......
##l# #......# #.##
##....... ##.#
##...##...
##.#####...## ...
#....##..### ..
####....## ###..#
##..## #


You could see an iguana.

Vanquished Creatures
  A giant frog (D:4)
  A giant frog skeleton (D:5)
  A hound (D:5)
  An iguana (D:4)
  6 orcs
  6 adders
  3 gnolls (D:3)
  2 worms
  A giant mite (D:4)
  A giant gecko (D:3)
  A gnoll skeleton (D:4)
  2 oozes (D:3)
  9 bats
  6 hobgoblins
  A jackal (D:3)
  2 quokkas (D:4)
  A ball python (D:3)
  5 giant cockroaches
  4 giant newts
  11 goblins
  9 kobolds
  11 rats
85 creatures vanquished.

Vanquished Creatures (collateral kills)
  A shadow (D:3)
  2 worms (D:2)
  A goblin (D:2)
  3 hobgoblins
  A jackal (D:3)
  A rat (D:3)
9 creatures vanquished.

Grand Total: 94 creatures vanquished

Notes
Turn   | Place    | Note
--------------------------------------------------------------
     0 | D:1      | Lorn, the Sludge Elf Artificer, began the quest for the Orb.
     0 | D:1      | Reached XP level 1. HP: 14/14 MP: 1/1
     0 | D:1      | Crossbows
   277 | D:1      | Reached skill level 1 in Short Blades
   396 | D:1      | Reached XP level 2. HP: 14/19 MP: 4/4
  1049 | D:1      | Reached XP level 3. HP: 6/24 MP: 5/5
  1467 | D:2      | Reached skill level 1 in Armour
  1894 | D:2      | Reached XP level 4. HP: 12/29 MP: 7/7
  2569 | D:3      | Reached XP level 5. HP: 9/34 MP: 9/9
  3501 | D:4      | Reached skill level 4 in Dodging
  3501 | D:4      | Reached XP level 6. HP: 14/40 MP: 11/11
  3537 | D:4      | Noticed a phantom
  4203 | D:4      | Found a staircase to the Ecumenical Temple.
  4259 | D:4      | HP: 2/40 [poison (a potion of poison)]
  4264 | Temple   | Entered the Ecumenical Temple
  4686 | D:5      | Entered Level 5 of the Dungeon
  4702 | D:5      | Reached skill level 1 in Stabbing
  4990 | D:5      | Slain by an iguana

Action                   |  1- 3 |  4- 6 || total
-------------------------+-------+-------++-------
Melee: Short sword       |    26 |       ||    26
       Dagger            |   146 |   446 ||   592
Evoke: Wand              |    17 |    35 ||    52
  Use: Scroll            |     7 |     9 ||    16
       Potion            |       |     5 ||     5
 Stab: Sleeping          |     1 |     2 ||     3
       Paralysed         |       |     3 ||     3
